 Dungeon Crawl Stone Soup version 0.28.0-45-g0d030f2227 (webtiles) character file.

Game seed: 2837872246349382500

4 TedEBehr the Caller (level 1, 0/7 HPs)
             Began as a Felid Summoner on Apr 17, 2022.
             Slain by a frilled lizard (2 damage)
             ... on level 1 of the Dungeon.
             The game lasted 00:01:23 (99 turns).

TedEBehr the Caller (Felid Summoner)                  Turns: 99, Time: 00:01:24

Health: 0/7        AC:  1    Str:  4    XL:     1   Next: 50%
Magic:  1/4        EV: 17    Int: 16    God:
Gold:   21         SH:  0    Dex: 16    Spells: 3/4 levels left
                                        Lives:  0   Deaths: 0

rFire   . . .      SeeInvis +   (weapon unavailable)
rCold   . . .      Faith    .   (shield unavailable)
rNeg    . . .      Spirit   .   (armour unavailable)
rPois   .          Reflect  .   (helmet unavailable)
rElec   .          Harm     .   (cloak unavailable)
rCorr   .          Rampage  .   (gloves unavailable)
Will    .....                   (boots unavailable)
Stlth   ++........              (no amulet)
HPRegen 0.02/turn               (no ring)
MPRegen 0.09/turn               (no ring)

@: quick
A: very small, claws 1, fangs 3, see invisible, speed 1, shaggy fur 1, stealthy
paws, no weapons or thrown items, no armour, multi-lived
a: no special abilities


You were on level 1 of the Dungeon.
You visited 1 branch of the dungeon, and saw 1 of its levels.

You collected 21 gold pieces.

Inventory:

Potions
 a - 2 potions of resistance {unknown}
 b - a potion of flight {unknown}


   Skills:
 * Level 0.1 Fighting
 * Level 2.7 Dodging
 * Level 2.7 Stealth
 * Level 0.1 Unarmed Combat
 * Level 2.0 Spellcasting
 * Level 4.1 Summonings


You had 3 spell levels left.
You knew the following spells:

 Your Spells              Type           Power      Damage    Failure   Level
a - Summon Small Mammal   Summ           56%        N/A       3%          1

Your spell library contained the following spells:

 Spells                   Type           Power      Damage    Failure   Level
 Call Imp                 Summ           14%        N/A       6%          2
 Call Canine Familiar     Summ           14%        N/A       12%         3
 Summon Guardian Golem    Hex/Summ       8%         N/A       26%         3
 Summon Lightning Spire   Summ/Air       8%         N/A       65%         4


Dungeon Overview and Level Annotations

Branches:
Dungeon (1/15)

Altars:


Innate Abilities, Weirdness & Mutations

You have sharp claws.
You have razor-sharp teeth.
You have supernaturally acute eyesight. (SInv)
You cover ground quickly. (Speed+)
You are covered in fur. (AC +1)
Your paws help you pounce on unaware monsters.
You are incapable of wielding weapons or throwing items.
You cannot wear armour.
You gain extra lives every three experience levels.


Message History

The hobgoblin closely misses your rat.
Your quokka barely misses the frilled lizard.
The frilled lizard bites your rat.
Your rat dies!
Your rat's corpse disappears in a puff of smoke!
Your quokka bites the hobgoblin.
The kobold hits your quokka with a +0 short sword.
The frilled lizard misses your quokka.
The hobgoblin closely misses your quokka.
Casting: Summon Small Mammal (safe; 3% risk of failure)
Press: ? - help, Q - select action Dir - look around, f - activate Your quokka misses the hobgoblin.
The frilled lizard barely misses your quokka.
The kobold barely misses your quokka.
Your quokka bites the hobgoblin.
The hobgoblin dies!
The frilled lizard bites your quokka but does no damage.
Your quokka closely misses the frilled lizard.
You see here an orb of wrath.
The frilled lizard bites your quokka.
Your quokka dies!
Your quokka's corpse disappears in a puff of smoke!
The kobold closely misses you.
You barely miss the kobold. The kobold misses you.
Casting: Summon Small Mammal (safe; 3% risk of failure)
Press: ? - help, Q - select action Dir - look around, f - activate The frilled lizard bites you.
* * * LOW HITPOINT WARNING * * *
The kobold barely misses you.
Your bat misses the kobold.
Your rat closely misses the frilled lizard.
Your bat barely misses the kobold.
You see here an orb of wrath.
You closely miss the frilled lizard.
The kobold hits your bat with a +0 short sword.
Your bat dies!
Your bat's corpse disappears in a puff of smoke!
Casting: Summon Small Mammal (safe; 3% risk of failure)
Press: ? - help, Q - select action Dir - look around, f - activate The frilled lizard bites you.
You die...

.......# ..###....#
.......# ..##....#
.......########.##....#
.#............#.......#
.......##.............#
......................#
......#>..##..........#
.##....^..........r...#
......######....@..####
......# ..##...#lr§#
......##..##...#K....#
....##..# ..##.#.#...#
....##..##..##.#.##.....
......##..##...... ....>
......##<.##......
#..#..
)...##..##..#####. .....
....##..##..### #. .##


You could see a kobold, a frilled lizard (ally target) and 2 friendly rats.

Vanquished Creatures
  A kobold (D:1)
1 creature vanquished.

Vanquished Creatures (collateral kills)
  2 hobgoblins (D:1)
2 creatures vanquished.

Grand Total: 3 creatures vanquished

Notes
Turn   | Place    | Note
-------+----------+-------------------------------------------
     0 | D:1      | TedEBehr the Felid Summoner began the quest for the Orb.
     0 | D:1      | Reached XP level 1. HP: 7/7 MP: 4/4
    99 | D:1      | Slain by a frilled lizard

Illustrated notes

Levels and vault maps discovered:
D:1:      lightli_iron_boxes, layout_rooms,
          hellmonk_ecumenical_altar_inner_sanctum

Action                   || total
-------------------------++-------
Melee: Unarmed           ||     5
 Cast: Summon Small Mamm ||     6
 Stab: Sleeping          ||     1
Dodge: Dodged            ||     7
